 Dungeon Crawl Stone Soup version 0.25.0-37-gb73750e0fb (webtiles) character file.

Game seed: 6406366748136372238

77 Ethylacetat the Poker (level 4, 0/35 HPs)
             Began as a Demonspawn Gladiator on July 8, 2020.
             Succumbed to an adder's poison
             ... on level 2 of the Dungeon.
             The game lasted 00:04:04 (1290 turns).

Ethylacetat the Poker (Demonspawn Gladiator)        Turns: 1290, Time: 00:04:05

Health: 0/35       AC:  9    Str: 15    XL:     4   Next: 13%
Magic:  4/4        EV:  7    Int: 10    God:
Gold:   70         SH:  0    Dex: 14    Spells: 3/3 levels left

rFire    + . .     SeeInvis .   a - +0 trident
rCold    . . .     Gourm    .   (no shield)
rNeg     . . .     Faith    .   e - +0 chain mail {rF+}
rPois    .         Spirit   .   c - +0 helmet
rElec    .         Reflect  .   (no cloak)
rCorr    .         Harm     .   (no gloves)
MR       .....                  (no boots)
Stlth    ..........             (no amulet)
HPRegen  0.11/turn              (no ring)
MPRegen  0.09/turn              (no ring)

@: lethally poisoned (0 -> -4)
A: foul stench 1, rot immunity
a: no special abilities


You were on level 2 of the Dungeon.
You were not hungry.

You visited 1 branch of the dungeon, and saw 2 of its levels.

You collected 70 gold pieces.

Inventory:

Hand Weapons
 a - a +0 trident (weapon)
Missiles
 d - 3 throwing nets (quivered)
Armour
 b - a +0 leather armour
 c - a +0 helmet (worn)
 e - a +0 chain mail of fire resistance (worn)
Scrolls
 h - 2 scrolls of identify {unknown}
 j - 4 scrolls of amnesia {unknown}
 m - a scroll of magic mapping {unknown}
Potions
 i - a potion of curing
 k - 2 potions of heal wounds {unknown}
 l - a potion of haste {unknown}
 n - a potion of mutation {unknown}
Comestibles
 f - 3 rations
 g - a chunk of flesh


   Skills:
 + Level 3.0 Fighting
 * Level 4.0 Polearms
 - Level 1.7 Throwing
 - Level 2.6 Dodging


You had 3 spell levels left.
You didn't know any spells.
Your spell library was empty.

Dungeon Overview and Level Annotations

Branches:
Dungeon (2/15)

Altars:

Annotations:
D:2 Sigmund


Innate Abilities, Weirdness & Mutations

You may emit foul miasma when damaged in melee.
You are immune to rotting.


Message History

The adder bites you but does no damage.
You miss the adder.
The adder is severely wounded.
The adder bites you.
You are poisoned.
The adder poisons you! The adder bites you but does no damage.
You puncture the adder!
You kill the adder!
Your Fighting skill increases to level 3!
You feel sick. The bat hits you. The bat hits you but does no damage.
You closely miss the bat. The bat hits you but does no damage.
The bat closely misses you. Something hits you.
* * * LOW HITPOINT WARNING * * *
You closely miss the bat.
You feel sick. The bat hits you but does no damage.
You barely miss the bat. The bat hits you but does no damage.
Something hits you.
* * * LOW HITPOINT WARNING * * *
The bat hits you but does no damage.
You miss the bat.
You die...

#............# #....
#.....................
#............##.#.....
#................>....
#....g..........w.."..
####wg##.....(.....#..
##># ......#######.
#b# ... #@# .. #.# #..
#... #.... #.#### #.#
###


You could see a worm, a hobgoblin, a goblin and a bat (sick).

Vanquished Creatures
  4 adders (D:2)
  An ooze (D:2)
  A worm (D:2)
  3 dart slugs (D:1)
  A bat (D:1)
  2 giant cockroaches (D:1)
  4 goblins (D:1)
  4 hobgoblins
  2 jackals (D:1)
  A quokka (D:2)
  A ball python (D:1)
  3 kobolds (D:1)
  A rat (D:1)
28 creatures vanquished.

Notes
Turn   | Place    | Note
-------+----------+-------------------------------------------
     0 | D:1      | Ethylacetat the Demonspawn Gladiator began the quest for
                  | the Orb.
     0 | D:1      | Reached XP level 1. HP: 16/16 MP: 1/1
   320 | D:1      | Reached skill level 3 in Polearms
   345 | D:1      | Gained mutation: You are immune to rotting. [demonic
                  | ancestry]
   345 | D:1      | Reached XP level 2. HP: 17/22 MP: 2/2
   860 | D:1      | Gained mutation: You may emit foul miasma when damaged in
                  | melee. [demonic ancestry]
   860 | D:1      | Reached XP level 3. HP: 28/28 MP: 3/3
   981 | D:2      | Found a faded altar of an unknown god.
  1251 | D:2      | Noticed Sigmund
  1276 | D:2      | Reached skill level 4 in Polearms
  1276 | D:2      | Reached XP level 4. HP: 17/34 MP: 4/4
  1289 | D:2      | HP: 1/35 [something (5)]
  1290 | D:2      | Succumbed to an adder's poison

Illustrated notes

Levels and vault maps discovered:
D:1:      grunt_arrival_crossed_arrows, layout_basic
D:2:      layout_rooms, chequers_ecumenical_altar_grove, uniq_sigmund

Skill      XL: |  1  2  3  4 |
---------------+-------------+-----
Polearms       | 3 4 |  4.0
Fighting       | 3 |  3.0
Throwing       | |  1.7
Dodging        | |  2.6

Action                   |  1- 3 |  4- 6 || total
-------------------------+-------+-------++-------
Melee: Trident           |   113 |    14 ||   127
  Use: Potion            |     1 |       ||     1
  Eat: Chunk             |     1 |       ||     1
Armor: Chain mail        |    80 |    15 ||    95
Dodge: Dodged            |    68 |     3 ||    71
